 Dungeon Sprint DCSS version 0.31-a0-844-gdc52ec4e09 (webtiles) character file.

Game seed: 9966427788536397817

254 sircluck the Ruffian (level 5, -7/61 HPs)
             Began as a Troll Berserker on Sept 29, 2023.
             Was a Follower of Trog.
             Mangled by a tyrant leech (24 damage)
             ... in the Dungeon (Sprint VII: "The Pits").
             The game lasted 00:00:31 (47 turns).

sircluck the Ruffian (Troll Berserker)                Turns: 47, Time: 00:00:32

Health: -7/61      AC:  4    Str: 27    XL:     5   Next: 90%
Magic:  4/4        EV: 11    Int:  3    God:    Trog [*.....]
Gold:   0          SH:  0    Dex:  9    Spells: 4/4 levels left

rFire   . .          .
                       - Unarmed
rCold   . . .        (no shield)
rNeg    . . .        a - +0 animal skin
rPois   .            (helmet restricted)
rElec   .            (no cloak)
rCorr   .            (gloves unavailable)
SInv    .            (boots unavailable)
Will    .....        (no amulet)
Stlth   +            (no ring)
HPRegen 1.10/turn    (no ring)
MPRegen 0.09/turn

%: no teleportation
@: on berserk cooldown
A: large, unfitting armour, claws 3, regeneration 1, shaggy fur 1, tough skin 1
a: Renounce Religion, Berserk


You were in the Dungeon.
You worshipped Trog.
Trog was aware of your devotion.
You visited 1 branch

Inventory:

Armour
 a - a +0 animal skin (worn)
Scrolls
 g - a scroll of blinking
Potions
 b - a potion of curing
 c - a potion of heal wounds
 d - a potion of haste
 e - 2 potions of magic
 f - a potion of berserk rage


   Skills:
 + Level 6.4 Fighting
 + Level 6.4 Dodging
 + Level 7.7 Unarmed Combat


You had 4 spell levels left.
You didn't know any spells.
Your spell library was empty.

Dungeon Overview and Level Annotations

Branches:
Dungeon (1/1)

Altars:


Innate Abilities, Weirdness & Mutations

You are too large for most types of armour.
You have claws for hands.
Your natural rate of healing is unusually fast.
You are covered in fur. (AC +1)
You have tough skin. (AC +1)


Message History

Unknown command.
Unknown command.
Unknown command.
Unknown command.
You feel a strong urge to attack something.
You are no longer berserk.
You are exhausted.
You feel yourself slow down.
There is a huge open gate to the Metal Vault (Medium) here.
There is a huge open gate to the Metal Vault (Medium) here.
You scratch the tyrant leech but do no damage.
The tyrant leech misses you.
Okay, then.
You miss the tyrant leech. The tyrant leech bites you!
* * * LOW HITPOINT WARNING * * *
The tyrant leech draws strength from your injuries!
The tyrant leech bites you.
* * * LOW HITPOINT WARNING * * *
The tyrant leech draws strength from your injuries!
There is an open door to the Entrance Hall (Safe) here.
The tyrant leech attacks as it pursues you!
The tyrant leech completely misses you. The tyrant leech closely misses you.
There is a staircase leading out of the dungeon here.
The tyrant leech attacks as it pursues you!
The tyrant leech completely misses you. The tyrant leech barely misses you.
You closely miss the tyrant leech. The tyrant leech bites you!
* * * LOW HITPOINT WARNING * * *
The tyrant leech draws strength from your injuries!
You mangle the tyrant leech!!
The tyrant leech is moderately wounded.
The tyrant leech bites you.
* * * LOW HITPOINT WARNING * * *
The tyrant leech draws strength from your injuries!
You barely miss the tyrant leech.
The tyrant leech is moderately wounded.
You feel yourself speed up. The tyrant leech bites you!!
You die...

#................#
####'#####''######
#.......##''#####
#.......##......#
#.......##......#
#...<...###....##
#.......# ##)'##
#...w...# °...#
#...@...# °.....#
##########......+
#......# ##....##
##++##


You could see a tyrant leech.

Vanquished Creatures
  An efreet (D)
  A river rat (D)
2 creatures vanquished.

Notes
Turn   | Place    | Note
-------+----------+-------------------------------------------
     0 | D        | sircluck the Troll Berserker began the quest for the Orb.
     0 | D        | Reached XP level 1. HP: 22/22 MP: 0/0
    17 | D        | Noticed an efreet
    17 | D        | Noticed a tyrant leech
    20 | D        | Reached XP level 2. HP: 31/31 MP: 1/1
    24 | D        | Killed an efreet
    25 | D        | Reached skill level 7 in Unarmed Combat
    25 | D        | Reached XP level 3. HP: 7/45 MP: 2/2
    25 | D        | Reached XP level 4. HP: 8/53 MP: 3/3
    25 | D        | Reached XP level 5. HP: 9/61 MP: 4/4
    47 | D        | Mangled by a tyrant leech

Illustrated notes

Levels and vault maps discovered:
D:        pitsprint [storerooms_1, entrance_room_1, metal_vault_2, armoury_1,
          mini_pit_1, grid_room_1, main_hall_1, silver_pit, the_coven_2,
          the_vestibule_1, steel_vault_1, golden_pit, hallway_of_sentries,
          crystal_vault_2, iron_vault_2, final_vault]

Skill      XL: |  1  2 |
---------------+-------+-----
Fighting       | 3 6 |  6.4
Dodging        | 3 6 |  6.4
Unarmed Combat | 7 |  7.7

Action                     |  1- 3 |  4- 6 || total
---------------------------+-------+-------++-------
  Melee: Unarmed           |     5 |     5 ||    10
 Invoke: Berserk           |     1 |       ||     1
 Armour: Animal skin       |     2 |     5 ||     7
  Dodge: Dodged            |       |     5 ||     5

Table legend: (Time is in decaauts)
 A = Elapsed time spent in this place.
 B = Non-inter-level travel time spent in this place.
 C = Inter-level travel time spent in this place.
 D = Time resting spent in this place.
 E = Time spent auto-exploring this place.
 F = Levels seen in this place.
 G = Mean time per level.
                   A        B        C        D        E       F      G
               +--------+--------+--------+--------+--------+-----+--------+
         Total |     52 |     52 |      0 |      0 |     17 |   1 |   52.0 |
       Dungeon |     52 |     52 |      0 |      0 |     17 |   1 |   52.0 |
               +--------+--------+--------+--------+--------+-----+--------+

Top non-repeatable levels by time:
       D: 52 daAuts
